Red Wings vs Flames
Created - 11 novembre 2014 at 19:00
Goals
|
| Red Wings |
2 |
2 |
4 |
8 |
| Flames |
0 |
0 |
2 |
2 |
|
Shots
|
| Red Wings |
12 |
7 |
14 |
33 |
| Flames |
13 |
2 |
17 |
32 |
|
1st period
1. Red Wings , Shawn Horcoff 5 (Shea Weber) at 8:31
2. Red Wings , Jason Spezza 13 (Martin Havlat, Rick Nash) at 16:44
Penalties :
David Backes (Cal) for Hooking (Minor) at 8:48, Michal Handzus (Cal) for Hooking (Minor) at 12:38
2nd period
3. Red Wings , Mike Richards 11 (Sean Bergenheim, Teemu Selanne) at 2:02 (PP)
4. Red Wings , Rick Nash 12 (Martin Havlat, Jason Spezza) at 12:28 (PP)
Penalties :
Alexander Semin (Cal) for Boarding (Minor) at 0:29, Eric Staal (Cal) for Slashing (Minor) at 12:25, Jason Spezza (Det) for High sticking (Minor) at 12:50, Martin Havlat (Det) for Slashing (Minor) at 16:43
3rd period
5. Red Wings , Jason Spezza 14 (Rick Nash, Paul Martin) at 0:14
6. Flames , Eric Staal 10 (Alexander Semin) at 4:02 (PP)
7. Red Wings , Michal Grosek 5 (Ossi Vaananen, Shea Weber) at 6:01
8. Flames , Eric Staal 11 (Alexander Semin, Tomas Kaberle) at 6:11
9. Red Wings , Mike Richards 12 (Teemu Selanne, Richard Jackman) at 17:18
10. Red Wings , Jason Spezza 15 (Rick Nash, Lee Stempniak) at 18:51
Penalties :
Milan Hejduk (Cal) for Fighting (Major) at 1:57, Paul Martin (Det) for Fighting (Major) at 1:57, Jason Spezza (Det) for Roughing (Minor) at 3:57, Mark Bell (Cal) for Fighting (Major) at 7:04, Christian Laflamme (Det) for Fighting (Major) at 7:04, Mark Bell (Cal) for instigated a fight (Minor) at 7:04, Mark Bell (Cal) for instigated a fight (10 Minutes Misconduct) at 7:04, Milan Hejduk (Cal) for Interference (Minor) at 12:51
Goalie Stats
Jonathan Quick (Det), 30 saves from 32 shots - (0,938), W, 11-6-1, 60:00 minutes
Craig Anderson (Cal), 11 saves from 15 shots - (0,733), 27:32 minutes
Pekka Rinne (Cal), 14 saves from 18 shots - (0,778), L, 9-5-2, 32:28 minutes
Players Stats for Red Wings
Player Name G A P +/- PIM S H SB GA TA FO MP PP MP PK MP
------------------------------------------------------------------------------------
Brian Sutherby 0 0 0 1 0 4 2 0 0 0 2/3 8:07 0:00 0:49
Christian Backman 0 0 0 1 0 0 1 0 0 0 0/0 16:49 0:00 1:32
Christian Laflamme 0 0 0 1 5 2 0 2 0 0 0/0 15:46 0:00 1:32
Jason Spezza 3 1 4 3 4 8 3 0 2 1 15/28 21:54 4:12 1:05
Lee Stempniak 0 1 1 1 0 0 2 0 0 0 0/0 7:41 0:09 0:00
Martin Havlat 0 2 2 3 2 1 2 0 0 0 0/1 21:00 4:12 0:00
Michal Grosek 1 0 1 1 0 4 1 0 0 0 0/0 8:50 0:05 1:01
Mike Brown 0 0 0 1 0 0 0 1 0 0 0/0 9:42 0:00 0:00
Mike Richards 2 0 2 0 0 4 3 1 1 0 10/21 18:35 5:11 1:02
Ossi Vaananen 0 1 1 1 0 4 1 2 1 1 0/0 17:35 4:33 0:00
Paul Martin 0 1 1 3 5 2 0 3 0 1 0/0 25:12 4:59 2:26
Richard Jackman 0 1 1 1 0 0 0 0 1 1 0/0 16:04 4:33 0:05
Rick Nash 1 3 4 3 0 1 3 3 0 1 1/3 22:59 4:10 2:12
Robert Dome 0 0 0 1 0 0 0 1 0 0 1/3 11:08 0:00 1:12
Sean Bergenheim 0 1 1 0 0 0 3 0 1 0 0/2 18:16 5:11 0:45
Shawn Horcoff 1 0 1 1 0 1 1 1 1 0 1/3 10:11 0:15 0:00
Shea Weber 0 2 2 3 0 1 1 2 1 0 0/0 28:32 4:59 2:31
Teemu Selanne 0 2 2 0 0 1 3 0 1 0 1/2 17:31 5:11 0:00
Players Stats for Flames
Player Name G A P +/- PIM S H SB GA TA FO MP PP MP PK MP
------------------------------------------------------------------------------------
Alexander Semin 0 2 2 -1 2 5 0 0 0 2 0/1 23:56 2:10 3:53
Craig Adams 0 0 0 0 0 4 2 0 0 0 0/0 10:56 0:00 1:01
David Backes 0 0 0 -1 2 1 1 2 1 0 0/1 20:39 2:10 3:32
Eric Staal 2 0 2 -1 2 5 3 1 1 0 21/36 20:27 2:10 3:51
Erik Johnson 0 0 0 1 0 1 0 1 0 0 0/0 21:56 2:39 4:12
Filip Kuba 0 0 0 -1 0 1 0 1 0 1 0/0 22:00 2:39 0:00
Jordin Tootoo 0 0 0 -1 0 3 1 0 0 0 0/0 14:02 0:00 0:00
Marcel Goc 0 0 0 -1 0 0 0 1 0 0 1/3 11:22 0:00 0:15
Mark Bell 0 0 0 -3 17 0 2 0 0 0 1/1 15:11 1:53 1:34
Michal Handzus 0 0 0 -3 2 3 0 0 1 1 8/18 19:39 1:53 4:10
Mike Leclerc 0 0 0 0 0 0 0 1 0 0 0/0 1:16 0:00 0:00
Mikhail Grabovski 0 0 0 0 0 0 0 0 0 1 3/5 8:35 0:00 0:00
Milan Hejduk 0 0 0 -3 7 0 1 0 1 0 0/0 12:03 1:53 0:00
Niklas Kronwall 0 0 0 -5 0 1 1 0 0 0 0/0 10:08 0:00 0:00
Ron Hainsey 0 0 0 -5 0 1 1 5 0 0 0/0 16:51 1:24 5:20
Steve Eminger 0 0 0 -1 0 3 1 1 0 3 0/0 26:32 0:00 5:20
Steve Regier 0 0 0 -1 0 4 1 0 0 1 1/1 12:15 0:00 0:48
Tomas Kaberle 0 1 1 1 0 0 1 1 1 0 0/0 22:33 1:24 4:12
3 Stars
1 - Jason Spezza (Det)
2 - Rick Nash (Det)
3 - Mike Richards (Det)
Power Play
Red Wings - 2 on 6 Attempt(s) - 33,33%
Flames - 1 on 3 Attempt(s) - 33,33%
Penalty Kill
Red Wings - 2 on 3 Attempt(s) - 66,67%
- Score 0 goal in Penalty Kill
Flames - 4 on 6 Attempt(s) - 66,67%
- Score 0 goal in Penalty Kill
Official
Referees : Pochmara Brian and Charron Francis
Linesman : David Brisebois and Michel Cormier
Game Notes
Mike Leclerc is injured at 5:01 of 1st period (Back Spasms)
Craig Anderson enters game at 12:28 of 2nd period
Milan Hejduk and Paul Martin fight to a draw at 1:57 of 3rd period
Mark Bell and Christian Laflamme fight to a draw at 7:04 of 3rd period
Jason Spezza has scored a Hat Trick!
Finance
Level 1 -- Attendance: 4585 (76,42%) -- Ticket Income 435 575 $
Level 2 -- Attendance: 3273 (65,46%) -- Ticket Income 222 564 $
Level 3 -- Attendance: 1242 (62,10%) -- Ticket Income 49 680 $
Level 4 -- Attendance: 2303 (57,58%) -- Ticket Income 69 090 $
Luxury Box -- Attendance: 640 (64,00%) -- Ticket Income 144 000 $
Game was played at the Metal Center
Total Attendance: 12043 (66,91%)
Total Ticket Income: 920 909 $
Other Income: 138 136 $
Total Income: 1 059 045 $
Red Wings
5 vs 5 Forward
Center Left Wing Right Wing Time % Phy DF OF
1 Jason Spezza Rick Nash Martin Havlat 40 1 2 2
2 Mike Richards Sean Bergenheim Teemu Selanne 30 1 2 2
3 Shawn Horcoff Robert Dome Mike Brown 20 1 2 2
4 Brian Sutherby Michal Grosek Lee Stempniak 10 1 2 2
5 vs 5 Defense
Defense Defense Time % Phy DF OF
1 Shea Weber Paul Martin 40 1 2 2
2 Christian Backman Christian Laflamme 30 1 2 2
3 Ossi Vaananen Richard Jackman 20 1 2 2
4 Richard Jackman Shea Weber 10 1 2 2
PowerPlay Forward
Center Left Wing Right Wing Time % Phy DF OF
1 Jason Spezza Rick Nash Martin Havlat 60 1 2 2
2 Mike Richards Sean Bergenheim Teemu Selanne 40 1 2 2
PowerPlay Defense
Defense Defense Time % Phy DF OF
1 Shea Weber Paul Martin 60 1 2 2
2 Richard Jackman Ossi Vaananen 40 1 2 2
Penalty Kill 4 Players Forward
Center Wing Time % Phy DF OF
1 Jason Spezza Rick Nash 60 1 2 2
2 Mike Richards Sean Bergenheim 40 1 2 2
Penalty Kill 4 Players Defense
Defense Defense Time % Phy DF OF
1 Shea Weber Paul Martin 60 1 2 2
2 Christian Backman Christian Laflamme 40 1 2 2
Penalty Kill - 3 Players Forward
Forward Time % Phy DF OF
1 Jason Spezza 60 1 2 2
2 Mike Richards 40 1 2 2
Penalty Kill - 3 Players Defense
Defense Defense Time % Phy DF OF
1 Shea Weber Paul Martin 60 1 2 2
2 Christian Backman Christian Laflamme 40 1 2 2
4 vs 4 Forward
Center Wing Time % Phy DF OF
1 Jason Spezza Rick Nash 60 1 2 2
2 Mike Richards Teemu Selanne 40 1 2 2
4 vs 4 Defense
Defense Defense Time % Phy DF OF
1 Shea Weber Paul Martin 60 1 2 2
2 Richard Jackman Ossi Vaananen 40 1 2 2
Last Minutes Offensive
Center Left Wing Right Wing Defense Defense
Jason Spezza Rick Nash Martin Havlat Shea Weber Paul Martin
Last Minutes Defensive
Center Left Wing Right Wing Defense Defense
Jason Spezza Rick Nash Martin Havlat Shea Weber Paul Martin
Goaltenders
Starting : Jonathan Quick
Backup : Scott Clemmensen
Extra Forwards
Normal : Shawn Horcoff, Sean Bergenheim, Teemu Selanne - PP : Shawn Horcoff, Teemu Selanne - PK : Robert Dome
Extra Defensemen
Normal : Ossi Vaananen, Christian Backman, Richard Jackman - PP : Ossi Vaananen - PK : Christian Laflamme, Richard Jackman
Penalty Shots
Jason Spezza, Rick Nash, Mike Richards, Martin Havlat, Sean Bergenheim
Flames
5 vs 5 Forward
Center Left Wing Right Wing Time % Phy DF OF
1 Eric Staal Alexander Semin David Backes 40 1 2 2
2 Michal Handzus Mark Bell Milan Hejduk 30 1 2 2
3 Marcel Goc Steve Regier Jordin Tootoo 20 1 2 2
4 Mikhail Grabovski Mike Leclerc Craig Adams 10 1 2 2
5 vs 5 Defense
Defense Defense Time % Phy DF OF
1 Filip Kuba Steve Eminger 40 1 2 2
2 Tomas Kaberle Erik Johnson 30 1 2 2
3 Niklas Kronwall Ron Hainsey 20 1 2 2
4 Tomas Kaberle Steve Eminger 10 1 2 2
PowerPlay Forward
Center Left Wing Right Wing Time % Phy DF OF
1 Eric Staal Alexander Semin David Backes 60 1 2 2
2 Michal Handzus Mark Bell Milan Hejduk 40 1 2 2
PowerPlay Defense
Defense Defense Time % Phy DF OF
1 Filip Kuba Erik Johnson 60 1 2 2
2 Tomas Kaberle Ron Hainsey 40 1 2 2
Penalty Kill 4 Players Forward
Center Wing Time % Phy DF OF
1 Michal Handzus Mike Leclerc 60 1 3 1
2 Eric Staal Craig Adams 40 1 3 1
Penalty Kill 4 Players Defense
Defense Defense Time % Phy DF OF
1 Ron Hainsey Steve Eminger 60 1 3 1
2 Tomas Kaberle Erik Johnson 40 1 3 1
Penalty Kill - 3 Players Forward
Forward Time % Phy DF OF
1 Eric Staal 60 1 4 0
2 Mike Leclerc 40 1 4 0
Penalty Kill - 3 Players Defense
Defense Defense Time % Phy DF OF
1 Ron Hainsey Steve Eminger 60 1 4 0
2 Filip Kuba Erik Johnson 40 1 4 0
4 vs 4 Forward
Center Wing Time % Phy DF OF
1 Eric Staal Alexander Semin 60 1 2 2
2 Michal Handzus David Backes 40 1 2 2
4 vs 4 Defense
Defense Defense Time % Phy DF OF
1 Filip Kuba Steve Eminger 60 1 2 2
2 Tomas Kaberle Erik Johnson 40 1 2 2
Last Minutes Offensive
Center Left Wing Right Wing Defense Defense
Eric Staal Alexander Semin David Backes Filip Kuba Steve Eminger
Last Minutes Defensive
Center Left Wing Right Wing Defense Defense
Eric Staal Alexander Semin David Backes Filip Kuba Steve Eminger
Goaltenders
Starting : Pekka Rinne
Backup : Craig Anderson
Extra Forwards
Normal : Alexander Semin, Jordin Tootoo, Michal Handzus - PP : Mark Bell, Milan Hejduk - PK : David Backes
Extra Defensemen
Normal : Erik Johnson, Tomas Kaberle, Niklas Kronwall - PP : Tomas Kaberle - PK : Erik Johnson, Filip Kuba
Penalty Shots
Alexander Semin, Eric Staal, David Backes, Milan Hejduk, Mark Bell
% Time on Ice - Red Wings
Lines # - Real PCT - Wanted PCT - Time Play
Normal Forward
1 - 37% - 40% - 17:05
2 - 27% - 30% - 12:20
3 - 21% - 20% - 9:42
4 - 16% - 10% - 7:18
Normal Defense
1 - 43% - 40% - 19:55
2 - 34% - 30% - 15:46
3 - 19% - 20% - 8:50
4 - 4% - 10% - 1:54
PP Forward
1 - 46% - 60% - 4:21
2 - 54% - 40% - 5:11
PP Defense
1 - 52% - 60% - 4:59
2 - 48% - 40% - 4:33
PK Forward
1 - 81% - 60% - 3:18
2 - 19% - 40% - 0:45
PK Defense
1 - 62% - 60% - 2:31
2 - 38% - 40% - 1:32
PK3 Forward
1 - 0% - 60%
2 - 0% - 40%
PK3 Defense
1 - 0% - 60%
2 - 0% - 40%
44 Forward
1 - 0% - 60%
2 - 0% - 40%
44 Defense
1 - 0% - 60%
2 - 0% - 40%
Last Minute Offensive - 0:00
Last Minute Defensive - 0:00
Total
Forward - 60:00
Defense - 60:00
|
% Time on Ice - Flames
Lines # - Real PCT - Wanted PCT - Time Play
Normal Forward
1 - 33% - 40% - 15:24
2 - 25% - 30% - 11:34
3 - 23% - 20% - 10:52
4 - 18% - 10% - 8:35
Normal Defense
1 - 43% - 40% - 19:55
2 - 31% - 30% - 14:35
3 - 21% - 20% - 9:33
4 - 5% - 10% - 2:22
PP Forward
1 - 53% - 60% - 2:10
2 - 47% - 40% - 1:53
PP Defense
1 - 65% - 60% - 2:39
2 - 35% - 40% - 1:24
PK Forward
1 - 89% - 60% - 8:31
2 - 11% - 40% - 1:01
PK Defense
1 - 56% - 60% - 5:20
2 - 44% - 40% - 4:12
PK3 Forward
1 - 0% - 60%
2 - 0% - 40%
PK3 Defense
1 - 0% - 60%
2 - 0% - 40%
44 Forward
1 - 0% - 60%
2 - 0% - 40%
44 Defense
1 - 0% - 60%
2 - 0% - 40%
Last Minute Offensive - 0:00
Last Minute Defensive - 0:00
Total
Forward - 60:00
Defense - 60:00
|
Play by Play
1st period
0:01 of 1st period - Jason Spezza wins face-off versus Alexander Semin in neutral zone.
0:48 of 1st period - Snap shot by Mike Leclerc.
0:48 of 1st period - Shot Blocked by Shea Weber.
0:50 of 1st period - Slapshot by Erik Johnson.
0:50 of 1st period - Shot Misses the Net.
0:52 of 1st period - Slapshot by Erik Johnson.
0:52 of 1st period - Shot Blocked by Paul Martin.
1:00 of 1st period - Snap shot by Mike Leclerc.
1:00 of 1st period - Shot Misses the Net.
1:14 of 1st period - Snap shot by Brian Sutherby.
1:14 of 1st period - Shot Misses the Net.
1:16 of 1st period - Snap shot by Michal Grosek.
1:16 of 1st period - Stopped by Pekka Rinne without a rebound.
1:17 of 1st period - Eric Staal wins face-off versus Brian Sutherby in Flames zone.
2:09 of 1st period - Steve Regier is hit by Mike Richards and loses puck.
2:18 of 1st period - Wrist shot by Mike Richards.
2:18 of 1st period - Shot Misses the Net.
3:24 of 1st period - Snap shot by Rick Nash.
3:24 of 1st period - Deflect By Milan Hejduk.
3:24 of 1st period - Shot Blocked by Ron Hainsey.
3:24 of 1st period - Puck is out of play.
3:25 of 1st period - Eric Staal wins face-off versus Rick Nash in Flames zone.
4:13 of 1st period - Wrist shot by Steve Regier.
4:13 of 1st period - Shot Misses the Net.
4:15 of 1st period - Wrist shot by Ron Hainsey.
4:15 of 1st period - Shot Misses the Net.
4:17 of 1st period - Backhand shot by Niklas Kronwall.
4:17 of 1st period - Stopped by Jonathan Quick with a rebound.
4:19 of 1st period - Snap shot by Steve Regier.
4:19 of 1st period - Stopped by Jonathan Quick with a rebound.
4:21 of 1st period - Snap shot by Jordin Tootoo.
4:21 of 1st period - Deflect By Steve Regier.
4:21 of 1st period - Stopped by Jonathan Quick with a rebound.
4:43 of 1st period - Wrist shot by Jason Spezza.
4:43 of 1st period - Stopped by Pekka Rinne with a rebound.
4:45 of 1st period - Snap shot by Jason Spezza.
4:45 of 1st period - Shot Blocked by Ron Hainsey.
4:47 of 1st period - Slapshot by Shea Weber.
4:47 of 1st period - Shot Blocked by Ron Hainsey.
5:01 of 1st period - Snap shot by Mike Brown.
5:01 of 1st period - Shot Blocked by Mike Leclerc.
5:01 of 1st period - Mike Leclerc from Flames is injured at 5:01 of 1st period (Back Spasms).
5:02 of 1st period - Eric Staal wins face-off versus Mike Richards in Flames zone.
5:02 of 1st period - Eric Staal is hit by Teemu Selanne.
5:16 of 1st period - Snap shot by David Backes.
5:16 of 1st period - Stopped by Jonathan Quick with a rebound.
5:28 of 1st period - Rick Nash is hit by Mark Bell and loses puck.
5:57 of 1st period - Snap shot by Shawn Horcoff.
5:57 of 1st period - Shot Misses the Net.
5:59 of 1st period - Slapshot by Paul Martin.
5:59 of 1st period - Deflect By Tomas Kaberle.
5:59 of 1st period - Stopped by Pekka Rinne with a rebound.
6:01 of 1st period - Slapshot by Paul Martin.
6:01 of 1st period - Stopped by Pekka Rinne without a rebound.
6:02 of 1st period - Eric Staal wins face-off versus Mike Richards in Flames zone.
6:06 of 1st period - Off-side.
6:07 of 1st period - Eric Staal wins face-off versus Mike Richards in neutral zone.
6:07 of 1st period - Alexander Semin is hit by Teemu Selanne and loses puck.
6:16 of 1st period - Snap shot by Eric Staal.
6:16 of 1st period - Stopped by Jonathan Quick with a rebound.
6:18 of 1st period - Wrist shot by Alexander Semin.
6:18 of 1st period - Stopped by Jonathan Quick without a rebound.
6:19 of 1st period - Jason Spezza wins face-off versus Eric Staal in Red Wings zone.
6:30 of 1st period - Wrist shot by Rick Nash.
6:30 of 1st period - Shot Misses the Net.
6:32 of 1st period - Slapshot by Christian Backman.
6:32 of 1st period - Shot Misses the Net.
6:34 of 1st period - Slapshot by Christian Laflamme.
6:34 of 1st period - Stopped by Pekka Rinne with a rebound.
7:13 of 1st period - Wrist shot by Jordin Tootoo.
7:13 of 1st period - Deflect By Steve Regier.
7:13 of 1st period - Deflect By Paul Martin.
7:13 of 1st period - Shot Misses the Net.
7:13 of 1st period - Puck is out of play.
7:14 of 1st period - Eric Staal wins face-off versus Jason Spezza in Red Wings zone.
7:15 of 1st period - Wrist shot by Alexander Semin.
7:15 of 1st period - Stopped by Jonathan Quick with a rebound.
7:35 of 1st period - Martin Havlat is hit by Eric Staal and loses puck.
7:54 of 1st period - Wrist shot by Jason Spezza.
7:54 of 1st period - Shot Misses the Net.
7:56 of 1st period - Slapshot by Ossi Vaananen.
7:56 of 1st period - Stopped by Pekka Rinne without a rebound.
7:57 of 1st period - Mike Richards wins face-off versus Michal Handzus in Flames zone.
8:12 of 1st period - Wrist shot by Michal Handzus.
8:12 of 1st period - Shot Blocked by Shea Weber.
8:31 of 1st period - Wrist shot by Shawn Horcoff.
8:31 of 1st period - Goal by Shawn Horcoff - Red Wings : 1 - Flames : 0.
8:32 of 1st period - Jason Spezza wins face-off versus Eric Staal in neutral zone.
8:32 of 1st period - Jason Spezza is hit by Eric Staal.
8:35 of 1st period - Off-side.
8:36 of 1st period - Jason Spezza wins face-off versus Eric Staal in neutral zone.
8:48 of 1st period - Minor Penalty to David Backes for Hooking.
8:49 of 1st period - Michal Handzus wins face-off versus Jason Spezza in Flames zone.
10:48 of 1st period - Penalty to David Backes is over, David Backes is back on ice.
10:55 of 1st period - Ron Hainsey is hit by Shawn Horcoff and loses puck.
11:16 of 1st period - Wrist shot by Craig Adams.
11:16 of 1st period - Shot Blocked by Robert Dome.
11:18 of 1st period - Slapshot by Ron Hainsey.
11:18 of 1st period - Stopped by Jonathan Quick with a rebound.
11:42 of 1st period - Rick Nash is hit by Jordin Tootoo and loses puck.
11:53 of 1st period - Eric Staal is hit by Mike Richards and loses puck.
12:10 of 1st period - Mark Bell is hit by Brian Sutherby and loses puck.
12:18 of 1st period - Icing by Mark Bell.
12:19 of 1st period - Mike Richards wins face-off versus Michal Handzus in Flames zone.
12:30 of 1st period - Wrist shot by Sean Bergenheim.
12:30 of 1st period - Shot Misses the Net.
12:38 of 1st period - Minor Penalty to Michal Handzus for Hooking.
12:39 of 1st period - Jason Spezza wins face-off versus David Backes in Flames zone.
13:27 of 1st period - Icing by Richard Jackman.
13:28 of 1st period - Eric Staal wins face-off versus Sean Bergenheim in Red Wings zone.
13:41 of 1st period - Slapshot by Steve Eminger.
13:41 of 1st period - Stopped by Jonathan Quick with a rebound.
14:38 of 1st period - Penalty to Michal Handzus is over, Michal Handzus is back on ice.
15:15 of 1st period - Slapshot by Jordin Tootoo.
15:15 of 1st period - Stopped by Jonathan Quick with a rebound.
15:37 of 1st period - Brian Sutherby is hit by Craig Adams and loses puck.
15:50 of 1st period - Jordin Tootoo is hit by Jason Spezza and loses puck.
16:40 of 1st period - Snap shot by Jason Spezza.
16:40 of 1st period - Stopped by Pekka Rinne with a rebound.
16:44 of 1st period - Snap shot by Jason Spezza.
16:44 of 1st period - Goal by Jason Spezza - Red Wings : 2 - Flames : 0.
16:45 of 1st period - Mike Richards wins face-off versus Michal Handzus in neutral zone.
17:10 of 1st period - Filip Kuba is hit by Jason Spezza.
17:16 of 1st period - Rick Nash is hit by David Backes and loses puck.
17:33 of 1st period - Slapshot by Steve Regier.
17:33 of 1st period - Stopped by Jonathan Quick without a rebound.
17:34 of 1st period - Mikhail Grabovski wins face-off versus Robert Dome in Red Wings zone.
17:43 of 1st period - Snap shot by Craig Adams.
17:43 of 1st period - Shot Misses the Net.
18:01 of 1st period - Wrist shot by Rick Nash.
18:01 of 1st period - Shot Misses the Net.
18:45 of 1st period - Snap shot by Michal Grosek.
18:45 of 1st period - Deflect By Brian Sutherby.
18:45 of 1st period - Stopped by Pekka Rinne with a rebound.
18:47 of 1st period - Slapshot by Christian Laflamme.
18:47 of 1st period - Stopped by Pekka Rinne with a rebound.
18:49 of 1st period - Snap shot by Michal Grosek.
18:49 of 1st period - Stopped by Pekka Rinne without a rebound.
18:50 of 1st period - Michal Handzus wins face-off versus Jason Spezza in Flames zone.
19:17 of 1st period - Wrist shot by Steve Regier.
19:17 of 1st period - Shot Misses the Net.
19:19 of 1st period - Wrist shot by Jordin Tootoo.
19:19 of 1st period - Stopped by Jonathan Quick with a rebound.
19:21 of 1st period - Snap shot by Jordin Tootoo.
19:21 of 1st period - Stopped by Jonathan Quick without a rebound.
19:22 of 1st period - Mike Richards wins face-off versus Marcel Goc in Red Wings zone.
Goals for this period are 2 for Red Wings vs 0 for Flames.
Shots for this period are 12 for Red Wings vs 13 for Flames.
2nd period
0:01 of 2nd period - Jason Spezza wins face-off versus Eric Staal in neutral zone.
0:11 of 2nd period - Off-side.
0:12 of 2nd period - Eric Staal wins face-off versus Jason Spezza in neutral zone.
0:27 of 2nd period - Wrist shot by Jason Spezza.
0:27 of 2nd period - Shot Blocked by David Backes.
0:29 of 2nd period - Minor Penalty to Alexander Semin for Boarding.
0:30 of 2nd period - Jason Spezza wins face-off versus Michal Handzus in Flames zone.
0:43 of 2nd period - Wrist shot by Rick Nash.
0:43 of 2nd period - Shot Misses the Net.
0:45 of 2nd period - Wrist shot by Jason Spezza.
0:45 of 2nd period - Stopped by Pekka Rinne without a rebound.
0:46 of 2nd period - Eric Staal wins face-off versus Jason Spezza in Flames zone.
0:46 of 2nd period - Eric Staal is hit by Shea Weber.
1:14 of 2nd period - Icing by Mike Richards.
1:15 of 2nd period - Eric Staal wins face-off versus Teemu Selanne in Red Wings zone.
1:44 of 2nd period - Backhand shot by Sean Bergenheim.
1:44 of 2nd period - Shot Misses the Net.
2:02 of 2nd period - Snap shot by Mike Richards.
2:02 of 2nd period - Goal by Mike Richards - Red Wings : 3 - Flames : 0.
2:03 of 2nd period - Rick Nash wins face-off versus Eric Staal in neutral zone.
2:12 of 2nd period - Snap shot by Jason Spezza.
2:12 of 2nd period - Shot Blocked by Filip Kuba.
2:24 of 2nd period - Filip Kuba is hit by Rick Nash and loses puck.
2:35 of 2nd period - Wrist shot by David Backes.
2:35 of 2nd period - Shot Misses the Net.
3:13 of 2nd period - Wrist shot by Eric Staal.
3:13 of 2nd period - Shot Blocked by Paul Martin.
3:26 of 2nd period - Off-side.
3:27 of 2nd period - Michal Handzus wins face-off versus Mike Richards in neutral zone.
4:42 of 2nd period - Mikhail Grabovski is hit by Christian Backman and loses puck.
5:06 of 2nd period - Christian Laflamme is hit by Niklas Kronwall.
6:42 of 2nd period - Snap shot by Mike Brown.
6:42 of 2nd period - Shot Blocked by Erik Johnson.
6:44 of 2nd period - Slapshot by Ossi Vaananen.
6:44 of 2nd period - Shot Blocked by Tomas Kaberle.
6:46 of 2nd period - Wrist shot by Shawn Horcoff.
6:46 of 2nd period - Shot Misses the Net.
6:48 of 2nd period - Slapshot by Ossi Vaananen.
6:48 of 2nd period - Stopped by Pekka Rinne with a rebound.
7:19 of 2nd period - Ron Hainsey is hit by Rick Nash and loses puck.
8:05 of 2nd period - Shawn Horcoff is hit by Ron Hainsey and loses puck.
9:14 of 2nd period - Mark Bell is hit by Mike Richards and loses puck.
9:35 of 2nd period - Paul Martin is hit by Craig Adams and loses puck.
10:01 of 2nd period - Icing by Richard Jackman.
10:02 of 2nd period - Eric Staal wins face-off versus Shawn Horcoff in Red Wings zone.
10:03 of 2nd period - Snap shot by Alexander Semin.
10:03 of 2nd period - Shot Blocked by Mike Brown.
10:05 of 2nd period - Wrist shot by Alexander Semin.
10:05 of 2nd period - Deflect By David Backes.
10:05 of 2nd period - Shot Blocked by Ossi Vaananen.
10:05 of 2nd period - Puck is out of play.
10:06 of 2nd period - Eric Staal wins face-off versus Jason Spezza in Red Wings zone.
10:55 of 2nd period - Slapshot by Craig Adams.
10:55 of 2nd period - Shot Blocked by Christian Laflamme.
11:53 of 2nd period - Michal Handzus is hit by Lee Stempniak and loses puck.
12:20 of 2nd period - Snap shot by Martin Havlat.
12:20 of 2nd period - Stopped by Pekka Rinne with a rebound.
12:22 of 2nd period - Snap shot by Jason Spezza.
12:22 of 2nd period - Stopped by Pekka Rinne without a rebound.
12:23 of 2nd period - Eric Staal wins face-off versus Rick Nash in Flames zone.
12:25 of 2nd period - Minor Penalty to Eric Staal for Slashing.
12:26 of 2nd period - Jason Spezza wins face-off versus Michal Handzus in Flames zone.
12:28 of 2nd period - Wrist shot by Rick Nash.
12:28 of 2nd period - Goal by Rick Nash - Red Wings : 4 - Flames : 0.
12:28 of 2nd period - Craig Anderson enters game.
12:29 of 2nd period - Jason Spezza wins face-off versus Eric Staal in neutral zone.
12:42 of 2nd period - Snap shot by Eric Staal.
12:42 of 2nd period - Shot Misses the Net.
12:44 of 2nd period - Slapshot by Filip Kuba.
12:44 of 2nd period - Shot Blocked by Paul Martin.
12:50 of 2nd period - Minor Penalty to Jason Spezza for High sticking.
12:51 of 2nd period - Eric Staal wins face-off versus Robert Dome in Red Wings zone.
13:02 of 2nd period - Snap shot by Eric Staal.
13:02 of 2nd period - Deflect By David Backes.
13:02 of 2nd period - Shot Blocked by Rick Nash.
13:02 of 2nd period - Puck is out of play.
13:03 of 2nd period - Robert Dome wins face-off versus Eric Staal in Red Wings zone.
14:50 of 2nd period - Penalty to Jason Spezza is over, Jason Spezza is back on ice.
14:57 of 2nd period - Marcel Goc is hit by Teemu Selanne and loses puck.
15:28 of 2nd period - Steve Eminger is hit by Martin Havlat and loses puck.
16:12 of 2nd period - Off-side.
16:13 of 2nd period - Mike Richards wins face-off versus Mikhail Grabovski in neutral zone.
16:16 of 2nd period - Mark Bell is hit by Sean Bergenheim and loses puck.
16:21 of 2nd period - Wrist shot by Teemu Selanne.
16:21 of 2nd period - Stopped by Craig Anderson without a rebound.
16:22 of 2nd period - Eric Staal wins face-off versus Martin Havlat in Flames zone.
16:43 of 2nd period - Minor Penalty to Martin Havlat for Slashing.
16:44 of 2nd period - Eric Staal wins face-off versus Jason Spezza in Red Wings zone.
16:47 of 2nd period - Snap shot by Eric Staal.
16:47 of 2nd period - Shot Blocked by Rick Nash.
16:49 of 2nd period - Wrist shot by Eric Staal.
16:49 of 2nd period - Shot Blocked by Rick Nash.
16:51 of 2nd period - Slapshot by Erik Johnson.
16:51 of 2nd period - Deflect By Shea Weber.
16:51 of 2nd period - Stopped by Jonathan Quick without a rebound.
16:52 of 2nd period - Eric Staal wins face-off versus Jason Spezza in Red Wings zone.
17:01 of 2nd period - Slapshot by Eric Staal.
17:01 of 2nd period - Shot Misses the Net.
17:03 of 2nd period - Slapshot by Erik Johnson.
17:03 of 2nd period - Shot Misses the Net.
17:45 of 2nd period - Christian Laflamme is hit by Eric Staal and loses puck.
18:43 of 2nd period - Penalty to Martin Havlat is over, Martin Havlat is back on ice.
18:54 of 2nd period - Slapshot by Mikhail Grabovski.
18:54 of 2nd period - Deflect By Jordin Tootoo.
18:54 of 2nd period - Shot Blocked by Christian Laflamme.
18:54 of 2nd period - Puck is out of play.
18:55 of 2nd period - Mikhail Grabovski wins face-off versus Shawn Horcoff in Red Wings zone.
19:02 of 2nd period - Snap shot by Craig Adams.
19:02 of 2nd period - Stopped by Jonathan Quick without a rebound.
19:03 of 2nd period - Shawn Horcoff wins face-off versus Eric Staal in Red Wings zone.
19:14 of 2nd period - Snap shot by Shawn Horcoff.
19:14 of 2nd period - Deflect By David Backes.
19:14 of 2nd period - Shot Misses the Net.
19:14 of 2nd period - Puck is out of play.
19:15 of 2nd period - Jason Spezza wins face-off versus Eric Staal in Flames zone.
19:18 of 2nd period - Wrist shot by Jason Spezza.
19:18 of 2nd period - Shot Blocked by Steve Eminger.
Goals for this period are 2 for Red Wings vs 0 for Flames.
Shots for this period are 7 for Red Wings vs 2 for Flames.
3rd period
0:01 of 3rd period - Jason Spezza wins face-off versus Eric Staal in neutral zone.
0:12 of 3rd period - Slapshot by Rick Nash.
0:12 of 3rd period - Shot Blocked by David Backes.
0:14 of 3rd period - Slapshot by Jason Spezza.
0:14 of 3rd period - Goal by Jason Spezza - Red Wings : 5 - Flames : 0.
0:15 of 3rd period - Michal Handzus wins face-off versus Mike Richards in neutral zone.
0:20 of 3rd period - Shea Weber is hit by Milan Hejduk and loses puck.
0:28 of 3rd period - Off-side.
0:29 of 3rd period - Eric Staal wins face-off versus Jason Spezza in neutral zone.
0:38 of 3rd period - Backhand shot by Alexander Semin.
0:38 of 3rd period - Stopped by Jonathan Quick with a rebound.
0:40 of 3rd period - Slapshot by Erik Johnson.
0:40 of 3rd period - Shot Misses the Net.
0:42 of 3rd period - Wrist shot by Alexander Semin.
0:42 of 3rd period - Stopped by Jonathan Quick without a rebound.
0:43 of 3rd period - Michal Handzus wins face-off versus Sean Bergenheim in Red Wings zone.
1:08 of 3rd period - Eric Staal is hit by Jason Spezza and loses puck.
1:31 of 3rd period - Slapshot by Filip Kuba.
1:31 of 3rd period - Shot Misses the Net.
1:33 of 3rd period - Snap shot by Marcel Goc.
1:33 of 3rd period - Shot Misses the Net.
1:35 of 3rd period - Snap shot by Steve Eminger.
1:35 of 3rd period - Stopped by Jonathan Quick without a rebound.
1:36 of 3rd period - Jason Spezza wins face-off versus Eric Staal in Red Wings zone.
1:49 of 3rd period - Wrist shot by Eric Staal.
1:49 of 3rd period - Stopped by Jonathan Quick with a rebound.
1:51 of 3rd period - Wrist shot by Eric Staal.
1:51 of 3rd period - Stopped by Jonathan Quick without a rebound.
1:52 of 3rd period - Teemu Selanne wins face-off versus Michal Handzus in Red Wings zone.
1:52 of 3rd period - Teemu Selanne is hit by Mark Bell.
1:57 of 3rd period - Milan Hejduk and Paul Martin fight to a draw.
1:57 of 3rd period - Penalty to Milan Hejduk for Fighting.
1:57 of 3rd period - Penalty to Paul Martin for Fighting.
1:58 of 3rd period - Michal Handzus wins face-off versus Mike Richards in neutral zone.
2:27 of 3rd period - Icing by Steve Regier.
2:28 of 3rd period - Marcel Goc wins face-off versus Jason Spezza in Flames zone.
2:28 of 3rd period - Marcel Goc is hit by Martin Havlat.
3:44 of 3rd period - Snap shot by Jason Spezza.
3:44 of 3rd period - Stopped by Craig Anderson with a rebound.
3:46 of 3rd period - Snap shot by Martin Havlat.
3:46 of 3rd period - Shot Misses the Net.
3:48 of 3rd period - Slapshot by Christian Backman.
3:48 of 3rd period - Shot Blocked by Marcel Goc.
3:57 of 3rd period - Minor Penalty to Jason Spezza for Roughing.
3:58 of 3rd period - Eric Staal wins face-off versus Mike Richards in Red Wings zone.
4:00 of 3rd period - Slapshot by Eric Staal.
4:00 of 3rd period - Shot Blocked by Mike Richards.
4:02 of 3rd period - Snap shot by Eric Staal.
4:02 of 3rd period - Goal by Eric Staal - Red Wings : 5 - Flames : 1.
4:03 of 3rd period - Mike Richards wins face-off versus Eric Staal in neutral zone.
4:16 of 3rd period - Snap shot by Mike Richards.
4:16 of 3rd period - Shot Blocked by Eric Staal.
4:18 of 3rd period - Slapshot by Ossi Vaananen.
4:18 of 3rd period - Deflect By Erik Johnson.
4:18 of 3rd period - Stopped by Craig Anderson with a rebound.
4:34 of 3rd period - Off-side.
4:35 of 3rd period - Mike Richards wins face-off versus Michal Handzus in neutral zone.
5:41 of 3rd period - Snap shot by Brian Sutherby.
5:41 of 3rd period - Deflect By Tomas Kaberle.
5:41 of 3rd period - Stopped by Craig Anderson without a rebound.
5:42 of 3rd period - Brian Sutherby wins face-off versus Eric Staal in Flames zone.
5:43 of 3rd period - Slapshot by Lee Stempniak.
5:43 of 3rd period - Shot Misses the Net.
5:45 of 3rd period - Wrist shot by Lee Stempniak.
5:45 of 3rd period - Shot Misses the Net.
5:47 of 3rd period - Wrist shot by Brian Sutherby.
5:47 of 3rd period - Shot Misses the Net.
5:49 of 3rd period - Wrist shot by Michal Grosek.
5:49 of 3rd period - Stopped by Craig Anderson with a rebound.
5:51 of 3rd period - Snap shot by Lee Stempniak.
5:51 of 3rd period - Shot Blocked by Ron Hainsey.
5:53 of 3rd period - Slapshot by Ossi Vaananen.
5:53 of 3rd period - Deflect By David Backes.
5:53 of 3rd period - Stopped by Craig Anderson with a rebound.
5:55 of 3rd period - Wrist shot by Michal Grosek.
5:55 of 3rd period - Deflect By Brian Sutherby.
5:55 of 3rd period - Stopped by Craig Anderson with a rebound.
5:57 of 3rd period - Slapshot by Shea Weber.
5:57 of 3rd period - Deflect By David Backes.
5:57 of 3rd period - Stopped by Craig Anderson with a rebound.
5:59 of 3rd period - Slapshot by Ossi Vaananen.
5:59 of 3rd period - Shot Blocked by Ron Hainsey.
6:01 of 3rd period - Wrist shot by Michal Grosek.
6:01 of 3rd period - Goal by Michal Grosek - Red Wings : 6 - Flames : 1.
6:02 of 3rd period - Eric Staal wins face-off versus Mike Richards in neutral zone.
6:07 of 3rd period - Snap shot by Alexander Semin.
6:07 of 3rd period - Stopped by Jonathan Quick with a rebound.
6:09 of 3rd period - Slapshot by Alexander Semin.
6:09 of 3rd period - Shot Blocked by Ossi Vaananen.
6:11 of 3rd period - Wrist shot by Eric Staal.
6:11 of 3rd period - Goal by Eric Staal - Red Wings : 6 - Flames : 2.
6:12 of 3rd period - Mike Richards wins face-off versus Eric Staal in neutral zone.
6:27 of 3rd period - Snap shot by Mike Richards.
6:27 of 3rd period - Shot Misses the Net.
6:37 of 3rd period - Jordin Tootoo is hit by Ossi Vaananen and loses puck.
7:03 of 3rd period - Snap shot by Craig Adams.
7:03 of 3rd period - Stopped by Jonathan Quick without a rebound.
7:04 of 3rd period - Michal Handzus wins face-off versus Mike Richards in Red Wings zone.
7:04 of 3rd period - Mark Bell and Christian Laflamme fight to a draw.
7:04 of 3rd period - Penalty to Mark Bell for Fighting.
7:04 of 3rd period - Penalty to Christian Laflamme for Fighting.
7:04 of 3rd period - Penalty to Mark Bell for instigated a fight.
7:04 of 3rd period - Penalty to Mark Bell for instigated a fight.
7:05 of 3rd period - Jason Spezza wins face-off versus Michal Handzus in Red Wings zone.
7:36 of 3rd period - Snap shot by Mike Richards.
7:36 of 3rd period - Stopped by Craig Anderson with a rebound.
9:04 of 3rd period - Penalty to Mark Bell is over, Craig Adams is send on ice.
9:15 of 3rd period - Filip Kuba is hit by Lee Stempniak and loses puck.
10:05 of 3rd period - Wrist shot by Michal Handzus.
10:05 of 3rd period - Stopped by Jonathan Quick without a rebound.
10:06 of 3rd period - Steve Regier wins face-off versus Mike Richards in Red Wings zone.
10:40 of 3rd period - Snap shot by Steve Eminger.
10:40 of 3rd period - Stopped by Jonathan Quick with a rebound.
10:42 of 3rd period - Snap shot by Steve Regier.
10:42 of 3rd period - Stopped by Jonathan Quick without a rebound.
10:43 of 3rd period - Mikhail Grabovski wins face-off versus Jason Spezza in Red Wings zone.
11:08 of 3rd period - Erik Johnson is hit by Sean Bergenheim and loses puck.
11:53 of 3rd period - Steve Eminger is hit by Brian Sutherby and loses puck.
12:02 of 3rd period - Marcel Goc is hit by Michal Grosek and loses puck.
12:29 of 3rd period - Filip Kuba is hit by Rick Nash and loses puck.
12:46 of 3rd period - Wrist shot by Mike Richards.
12:46 of 3rd period - Stopped by Craig Anderson without a rebound.
12:47 of 3rd period - Mike Richards wins face-off versus Michal Handzus in Flames zone.
12:51 of 3rd period - Minor Penalty to Milan Hejduk for Interference.
12:52 of 3rd period - Jason Spezza wins face-off versus Michal Handzus in Flames zone.
14:08 of 3rd period - Mike Richards is hit by Steve Eminger and loses puck.
14:47 of 3rd period - Eric Staal is hit by Sean Bergenheim and loses puck.
14:51 of 3rd period - Penalty to Milan Hejduk is over, Milan Hejduk is back on ice.
15:07 of 3rd period - Wrist shot by Craig Adams.
15:07 of 3rd period - Stopped by Jonathan Quick without a rebound.
15:08 of 3rd period - Brian Sutherby wins face-off versus Marcel Goc in Red Wings zone.
15:08 of 3rd period - Brian Sutherby is hit by Steve Regier.
15:21 of 3rd period - Snap shot by Marcel Goc.
15:21 of 3rd period - Shot Misses the Net.
15:23 of 3rd period - Backhand shot by Filip Kuba.
15:23 of 3rd period - Stopped by Jonathan Quick without a rebound.
15:24 of 3rd period - Michal Handzus wins face-off versus Jason Spezza in Red Wings zone.
17:01 of 3rd period - Wrist shot by Craig Adams.
17:01 of 3rd period - Stopped by Jonathan Quick with a rebound.
17:03 of 3rd period - Wrist shot by Michal Handzus.
17:03 of 3rd period - Stopped by Jonathan Quick without a rebound.
17:04 of 3rd period - 10 Minutes Game Misconduct Penalty to Mark Bell is over.
17:04 of 3rd period - Mike Richards wins face-off versus Mikhail Grabovski in Red Wings zone.
17:06 of 3rd period - Icing by Ossi Vaananen.
17:07 of 3rd period - Mark Bell wins face-off versus Mike Richards in Red Wings zone.
17:10 of 3rd period - Wrist shot by Michal Handzus.
17:10 of 3rd period - Stopped by Jonathan Quick with a rebound.
17:18 of 3rd period - Snap shot by Mike Richards.
17:18 of 3rd period - Goal by Mike Richards - Red Wings : 7 - Flames : 2.
17:19 of 3rd period - Eric Staal wins face-off versus Jason Spezza in neutral zone.
17:44 of 3rd period - Shea Weber is hit by Tomas Kaberle and loses puck.
18:05 of 3rd period - Wrist shot by Marcel Goc.
18:05 of 3rd period - Shot Blocked by Shawn Horcoff.
18:49 of 3rd period - Wrist shot by Jason Spezza.
18:49 of 3rd period - Shot Misses the Net.
18:51 of 3rd period - Wrist shot by Jason Spezza.
18:51 of 3rd period - Goal by Jason Spezza - Red Wings : 8 - Flames : 2.
18:52 of 3rd period - Jason Spezza wins face-off versus Eric Staal in neutral zone.
19:47 of 3rd period - Backhand shot by Brian Sutherby.
19:47 of 3rd period - Stopped by Craig Anderson with a rebound.
Goals for this period are 4 for Red Wings vs 2 for Flames.
Shots for this period are 14 for Red Wings vs 17 for Flames.
Output by the SimonT Hockey Simulator (STHS) for François Prévost -- Original Page W3C XHTML 1.0 Valid